 Dungeon Crawl Stone Soup version 0.17-a0-1805-g6093636 (webtiles) character file.

789 4thArraOfDagon the Ruffian (level 7, -2/70 HPs)
             Began as a Troll Chaos Knight on Sept 12, 2015.
             Slain by a wight
             ... wielding a +0 great sword
              (3 damage)
             ... on level 6 of the Dungeon.
             The game lasted 00:04:37 (930 turns).

4thArraOfDagon the Ruffian (Troll Chaos Knight)      Turns: 930, Time: 00:04:37

Health: -2/70      AC:  7    Str: 26    XL:     7   Next: 56%
Magic:  6/6        EV: 10    Int: 10    God:    Xom [....*.]
Gold:   39         SH:  0    Dex:  9    Spells: 0 memorised, 6 levels left

rFire  . . .     SeeInvis .       - Unarmed
rCold  . . .     Clarity  .     a - +2 robe
rNeg   . . .     SustAt   .     (no shield)
rPois  .         Gourm    +     (helmet restricted)
rElec  .         Spirit   .     (no cloak)
rCorr  .         Warding  .     (gloves unavailable)
rMut   .         Stasis   .     (boots unavailable)
MR     .....                    (no amulet)
Stlth  +.........               (no ring)
                                (no ring)

@: mighty, lethally poisoned (-2 -> -2), very slightly contaminated, hasted,
drained, very quick, not resistant to hostile enchantments, very unstealthy
A: unfitting armour, claws 3, fast metabolism 3, gourmand, regeneration 2,
shaggy fur 1, tough skin 2
a: Renounce Religion


You were on level 6 of the Dungeon.
You worshipped Xom.
You were a beloved toy of Xom.
You were not hungry.

You visited 1 branch of the dungeon, and saw 6 of its levels.
You also visited: Ossuary.

You collected 39 gold pieces.

Inventory:

Hand weapons
 e - a +0 blowgun
 i - the +1 flail "Oggyblor" {crush, rC+ rN+ Stlth+, unknown}
   (You found it on level 5 of the Dungeon)

   It inflicts extra damage upon your enemies.
   It protects you from cold.
   It protects you from negative energy.
   It makes you more stealthy.
 n - a +0 giant spiked club
Missiles
 f - 5 poisoned needles
Armour
 a - a +2 robe (worn)
Scrolls
 c - 2 scrolls of remove curse {unknown}
 g - a scroll of identify {unknown}
 h - 2 scrolls of teleportation {unknown}
 j - a scroll of noise {unknown}
 l - 2 scrolls of blinking {unknown}
Potions
 k - a potion of haste
Comestibles
 b - 3 bread rations
 d - a beef jerky


   Skills:
 + Level 4.3(3.3) Fighting
 + Level 3.9(2.9) Dodging
 * Level 6.6(5.6) Unarmed Combat


You had 6 spell levels left.
You didn't know any spells.

Dungeon Overview and Level Annotations

Branches:
Dungeon (6/15)
 Temple: D:4-7

Altars:

Annotations:
D:5 Blork the orc, Edmund


Innate Abilities, Weirdness & Mutations

You are too large for most types of armour.
You have claws for hands.
Your metabolism is lightning-fast.
You like to eat raw meat.
You heal very quickly.
You are covered in fur (AC +1).
You have very tough skin (AC +2).


Message History

Unknown command.
Things that are here:
an enchanted short sword; a robe Unknown command.
You feel sick.
Unknown command.
A giant frog comes into view.
Found 10 gold pieces.
Unknown command.
You feel sick.
The giant frog croaks.
The giant frog barely misses you. x2
Unknown command.
Drink which item? (? for menu, Esc to quit)
You feel yourself speed up. The giant frog closely misses you.
The wight hits you with a great sword!
* * * LOW HITPOINT WARNING * * *
You feel drained.
You die...
Xom laughs nastily! #.§.# z§z

#z#
#§#
#z#
###§#
#.z§#
#z###
#@#
#F#
#.#
#.#
#.#
#$#
#.#
#.#


You could see a giant frog and 3 wights.

Vanquished Creatures
  An ogre (D:5)
  2 ice beasts (D:5)
  2 elf zombies (Ossuary)
  A killer bee (D:6)
  A wight (D:6)
  2 orc wizards (D:3)
  A centaur zombie (Ossuary)
  3 human zombies (Ossuary)
  3 big kobold zombies (Ossuary)
  2 mummies (Ossuary)
  An adder zombie (Ossuary)
  A worm (D:5)
  3 orcs
  2 giant cockroaches (D:1)
  A hobgoblin (D:3)
  A quokka (D:3)
  A ball python (D:3)
  A ball python skeleton (D:4)
  A giant gecko skeleton (D:4)
  4 hobgoblin zombies (Ossuary)
  3 kobolds
  10 kobold zombies (Ossuary)
  11 orc zombies (Ossuary)
  7 rats
  A rat zombie (Ossuary)
66 creatures vanquished.

Notes
Turn   | Place    | Note
--------------------------------------------------------------
     0 | D:1      | 4thArraOfDagon the Troll Chaos Knight began the quest for the Orb.
     0 | D:1      | Reached XP level 1. HP: 22/22 MP: 0/0
    30 | D:1      | XOM: divination: detect items
   149 | D:2      | Reached XP level 2. HP: 29/29 MP: 1/1
   208 | D:3      | XOM: harmless Fire miscast
   244 | D:3      | Reached XP level 3. HP: 31/36 MP: 2/2
   258 | D:3      | Reached skill level 4 in Unarmed Combat
   258 | D:3      | Reached XP level 4. HP: 29/45 MP: 3/3
   358 | D:5      | Entered Level 5 of the Dungeon
   370 | D:5      | Got a transparent flail
   371 | D:5      | Noticed an ogre
   371 | D:5      | XOM: potion effect (agility)
   374 | D:5      | Noticed an ice beast
   452 | D:5      | XOM: potion effect (invisibility)
   459 | D:5      | XOM: harmless Chrm miscast
   465 | D:5      | Found a sand-covered staircase.
   471 | D:5      | XOM: divination: detect creatures
   475 | Ossuary  | Entered an ossuary
   540 | Ossuary  | XOM: divination: detect items
   550 | Ossuary  | XOM: potion effect (berserk rage)
   563 | Ossuary  | XOM: potion effect (agility)
   564 | Ossuary  | XOM: harmless Chrm miscast
   567 | Ossuary  | XOM: divination: detect items
   568 | Ossuary  | Reached XP level 5. HP: 53/53 MP: 4/4
   605 | Ossuary  | XOM: divination: detect creatures
   607 | Ossuary  | Reached skill level 5 in Unarmed Combat
   619 | Ossuary  | Reached XP level 6. HP: 51/61 MP: 5/5
   798 | D:5      | XOM: smoke on damage
   799 | D:5      | XOM: potion effect (brilliance)
   805 | D:5      | Killed an ice beast
   805 | D:5      | Reached skill level 6 in Unarmed Combat
   805 | D:5      | Reached XP level 7. HP: 38/68 MP: 6/6
   810 | D:5      | Killed an ogre
   903 | D:5      | Noticed an ice beast
   904 | D:5      | Noticed Edmund
   906 | D:5      | Killed an ice beast
   907 | D:5      | Noticed Blork the orc
   914 | D:5      | XOM: enchant monster (good)
   918 | D:6      | XOM: fog
   930 | D:6      | HP: 1/70 [wight/great sword (7)]
   930 | D:6      | Slain by a wight

Vault maps used:
D:1:      onia_arrival_larder
D:2:      nicolae_overflow_hidden_temple, first_bread, st_stairs_7,
          grunt_ministairs_7, hangedman_decor_opposing, minmay_misc_feat_rows,
          minmay_misc_feat_roman
D:3:      ecumenical_altar_2, grunt_ministairs_6, minmay_misc_feat_doors
D:4:      okawaru_metal_pillars_3, kennysheep_mini, minmay_small_thing
D:5:      temple_hall, nicolae_ossuary_entry_ruins, kennysheep_generic_room_6,
          uniq_blork_the_orc, uniq_edmund
D:6:      uniq_menkaure
Ossuary:  ossuary_tomb_1

Action                   |  1- 3 |  4- 6 |  7- 9 || total
-------------------------+-------+-------+-------++-------
Melee: Unarmed           |    56 |   189 |    15 ||   260
 Fire: Blowgun           |     6 |       |       ||     6
  Use: Potion            |     1 |       |     4 ||     5
 Stab: Invisible         |       |     2 |       ||     2
  Eat: Chunk             |     5 |     3 |       ||     8
